 Dungeon Crawl Stone Soup version 0.23.2-40-g277498a001 (webtiles) character file.

Game seed: 2357217056219159290

47 Curus the Insei (level 3, 0/26 HPs)
             Began as a Merfolk Transmuter on Sept 21, 2019.
             Succumbed to an adder's poison
             ... on level 2 of the Dungeon.
             The game lasted 00:03:58 (988 turns).

Curus the Insei (Merfolk Transmuter)                 Turns: 988, Time: 00:03:59

Health: 0/26       AC:  2    Str: 10    XL:     3   Next: 70%
Magic:  6/6        EV: 18    Int: 13    God:
Gold:   118        SH:  0    Dex: 19    Spells: 2/6 levels left

rFire    . . .     SeeInvis .     - Unarmed
rCold    . . .     Gourm    .   (no shield)
rNeg     . . .     Faith    .   b - +0 robe
rPois    .         Spirit   .   (no helmet)
rElec    .         Reflect  .   (no cloak)
rCorr    .         Harm     .   (no gloves)
MR       .....                  (no boots)
Stlth    +++.......             (no amulet)
HPRegen  0.08/turn              (no ring)
MPRegen  0.10/turn              (no ring)

@: agile, lethally poisoned (0 -> -13), appendage (expiring)
A: change form in water, swift swim, stealthy swim, horns 2
a: End Transformation


You were on level 2 of the Dungeon.
You were hungry.
You had grown temporary horns.
You visited 1 branch of the dungeon, and saw 2 of its levels.

You collected 118 gold pieces.

Inventory:

Missiles
 a - 12 arrows
Armour
 b - a +0 robe (worn)
Potions
 c - a potion of might
Comestibles
 d - a ration


   Skills:
 - Level 1.1 Fighting
 - Level 2.6 Dodging
 - Level 4.6 Unarmed Combat
 - Level 2.0 Spellcasting
 + Level 3.1 Transmutations
 + Level 1.0 Poison Magic


You had 2 spell levels left.
You knew the following spells:

 Your Spells              Type           Power        Failure   Level  Hunger
a - Beastly Appendage     Tmut           #.....       7%          1    ##.....
b - Spider Form           Tmut/Pois      #.........   32%         3    ####...

Your spell library contained the following spells:

 Spells                   Type           Power        Failure   Level  Hunger
 Sticks to Snakes         Tmut           #.......     11%         2    ###....
 Ice Form                 Ice/Tmut       #.......     78%         4    #####..
 Blade Hands              Tmut           #.........   88%         5    ######.


Dungeon Overview and Level Annotations

Branches:
Dungeon (2/15)

Altars:


Innate Abilities, Weirdness & Mutations

You revert to your normal form in water You are very nimble and swift while swimming.
You are very stealthy in the water. (Stealth+)
You have a pair of horns on your head.


Message History

You hit the adder. Your headbutt misses the adder.
The adder is severely wounded.
* * * LOW HITPOINT WARNING * * *
You feel sick. The adder bites you.
* * * LOW HITPOINT WARNING * * *
You hit the adder. You headbutt the adder.
You kill the adder!
Your Poison Magic skill increases to level 1!
* * * LOW HITPOINT WARNING * * *
You feel sick.
* * * LOW HITPOINT WARNING * * *
You feel sick.
You see here 20 stones.
Your transformation is almost over.
* * * LOW HITPOINT WARNING * * *
You feel sick.
* * * LOW HITPOINT WARNING * * *
You feel sick.
You are feeling hungry.
You die...

#. #............
#.##.#.###.#####
#.##.#.# #.#
###.####.# #.#
......#.# #.#
###.##.#.# #.# #
#......#.###.#
#.#............#
#..@..(..#.#####
...............#
##############.#
###


There were no monsters in sight!

Vanquished Creatures
  An adder (D:2)
  An ooze (D:1)
  A dart slug (D:1)
  2 giant cockroaches (D:1)
  A goblin (D:1)
  5 hobgoblins
  4 jackals (D:1)
  6 bats
  2 frilled lizards (D:1)
  4 kobolds (D:1)
  3 rats (D:1)
30 creatures vanquished.

Notes
Turn   | Place    | Note
-------+----------+-------------------------------------------
     0 | D:1      | Curus the Merfolk Transmuter began the quest for the Orb.
     0 | D:1      | Reached XP level 1. HP: 15/15 MP: 3/3
   284 | D:1      | Reached XP level 2. HP: 19/21 MP: 3/5
   301 | D:1      | Reached skill level 4 in Unarmed Combat
   381 | D:1      | Reached XP level 3. HP: 16/26 MP: 6/6
   393 | D:1      | Learned a level 3 spell: Spider Form
   984 | D:2      | Reached skill level 1 in Poison Magic
   987 | D:2      | HP: 1/26 [poisoned by an adder]
   988 | D:2      | Succumbed to an adder's poison

Skill      XL: |  1  2  3 |
---------------+----------+-----
Unarmed Combat | 4 |  4.6
Transmutations | 3 |  3.1
Poison Magic   | 1 |  1.0
Fighting       | |  1.1
Dodging        | |  2.6
Spellcasting   | |  2.0

Action                   || total
-------------------------++-------
Melee: Unarmed           ||    85
       Headbutt          ||     8
       Punch             ||     3
 Cast: Beastly Appendage ||     8
  Use: Potion            ||     3
       Scroll            ||     1
Armor: Robe              ||     8
Dodge: Dodged            ||    54
